 Dungeon Crawl Stone Soup version 0.20-a0-1117-g62da73f (webtiles) character file.

1544 Lochraine the Firebug (level 8, 0/67 HPs)
             Began as a Hill Orc Fire Elementalist on May 9, 2017.
             Was an Initiate of Ashenzari.
             Slain by an orc warrior
             ... wielding a +0 trident
              (21 damage)
             ... on level 6 of the Dungeon.
             The game lasted 00:21:00 (8674 turns).

Lochraine the Firebug (Hill Orc Fire Elementalist)  Turns: 8674, Time: 00:21:01

Health: 0/67       AC:  5    Str: 17    XL:     8   Next: 87%
Magic:  8/13       EV: 12    Int: 15    God:    Ashenzari [......]
Gold:   260        SH:  0    Dex: 15    Spells: 4/14 levels left

rFire    . . .     SeeInvis .   r - +2 whip (elec)
rCold    . . .     Gourm    .   (no shield)
rNeg     . . .     Faith    .   B - +0 leather armour
rPois    +         Spirit   .   (no helmet)
rElec    .         Reflect  .   (no cloak)
rCorr    .         Harm     .   v - +0 pair of gloves
MR       .....     Rnd*Tele +   m - +0 pair of boots
Stlth    +++.......             (no amulet)
Regen    0.3/turn               (no ring)
MPRegen  0.2/turn               l - +2 ring of strength

@: slowed, very slow
A: hooves 1, thin skeletal structure 2, poison resistance, strong 1,
teleportitis 1
a: Curse Item, Renounce Religion


You were on level 6 of the Dungeon.
You worshipped Ashenzari.
Ashenzari was noncommittal.
You were hungry.

You visited 2 branches of the dungeon, and saw 7 of its levels.

You collected 260 gold pieces.

Inventory:

Hand Weapons
 d - a +0 hand axe
   (You found it on level 1 of the Dungeon)
 r - a +2 whip of electrocution (weapon)
   (You took it off a kobold on level 2 of the Dungeon)
Armour
 a - a +0 robe
 j - a +0 scale mail
   (You found it on level 1 of the Dungeon)
 m - a +0 pair of boots (worn)
   (You found it on level 4 of the Dungeon)
 v - a +0 pair of gloves (worn)
   (You found it on level 5 of the Dungeon)
 y - a +0 ring mail
   (You found it on level 3 of the Dungeon)
 z - a +0 plate armour
   (You found it on level 3 of the Dungeon)
 B - a +0 leather armour (worn)
   (You took it off Ijyb on level 3 of the Dungeon)
Jewellery
 l - a +2 ring of strength (right hand)
   (You found it on level 4 of the Dungeon)
Wands
 f - a wand of lightning (3/15)
   (You found it on level 2 of the Dungeon)
 t - a wand of flame (25/48)
   (You took it off Ijyb on level 3 of the Dungeon)
 u - a wand of paralysis (4/24)
   (You found it on level 5 of the Dungeon)
Scrolls
 e - a scroll of fog
 g - 2 scrolls of enchant armour {unknown}
 h - 2 scrolls of blinking
 k - 4 scrolls of recharging
 n - 5 scrolls of identify {@r1}
 x - a scroll of magic mapping
 D - a scroll of torment {unknown}
Potions
 c - a potion of lignification {unknown}
 i - a potion of degeneration {unknown}
 o - 2 potions of berserk rage {unknown}
 A - a potion of brilliance {unknown}
 C - a potion of flight {unknown}
Books
 b - a book of Flames
 w - a book of Necromancy
   (You found it on level 3 of the Dungeon)
 F - a book of Changes
   (You found it on level 6 of the Dungeon)
Comestibles
 p - 8 fruits
 q - 3 bread rations
 s - 2 meat rations
 E - a chunk of flesh


   Skills:
 * Level 4.8 Fighting
 - Level 5.3 Axes
 - Level 2.9 Armour
 - Level 1.5 Dodging
 - Level 1.5 Stealth
 + Level 3.6 Spellcasting
 * Level 5.2 Conjurations
 + Level 6.3 Fire Magic


You had 4 spell levels left.
You knew the following spells:

 Your Spells              Type           Power        Failure   Level  Hunger
a - Flame Tongue          Conj/Fire      ###..        1%          1    None
b - Throw Flame           Conj/Fire      ###...       3%          2    ##.....
d - Conjure Flame         Conj/Fire      ###.....     6%          3    ###....
q - Sticky Flame          Conj/Fire      ###.....     21%         4    ####...


Dungeon Overview and Level Annotations

Branches:
Dungeon (6/15)             Temple (1/1) D:5

Altars:
Ashenzari
Cheibriados
Dithmenos
Elyvilon
Fedhas
Gozag
Hepliaklqana
Kikubaaqudgha
Makhleb
Nemelex Xobeh
Qazlal
Ru
Sif Muna
Trog
Uskayaw
Vehumet
Wu Jian
Xom
Yredelemnul
Zin
The Shining One


Innate Abilities, Weirdness & Mutations

You have large cloven feet.
You have a moderately thin skeletal structure. (Dex +4, Stealth+)
Your system is resistant to poisons. (rPois)
Your muscles are strong. (Str +2)
You are occasionally teleported next to monsters.


Message History

Lightning courses through the orc wizard!
You kill the orc wizard!
The orc hits you with a whip.
You hit the orc. The orc barely misses you.
You hit the orc. The orc misses you.
You barely miss the orc. The orc hits you with a whip.
You hit the orc.
You kill the orc!
No target in view!
Things that are here:
an uncursed dagger; an uncursed robe; a tomahawk
Things that are here:
an uncursed whip; an uncursed leather armour; an orc corpse You butcher the orc corpse.
E - 2 chunks of flesh (gained 1)
Things that are here:
an uncursed whip; an uncursed leather armour; an orc skeleton
Things that are here:
an uncursed whip; an uncursed leather armour; an orc skeleton The orc warrior shouts!
Aim: an orc warrior, wielding a trident and wearing a chain mail The puff of flame hits the orc warrior.
Aim: an orc warrior, wielding a trident and wearing a chain mail (lightly wounded)
The puff of flame hits the orc warrior.
Aim: an orc warrior, wielding a trident and wearing a chain mail (moderately wounded)
The puff of flame hits the orc warrior.
The orc warrior appears unharmed.
You are feeling hungry.
Unknown command.
The orc warrior hits you with a trident!
You closely miss the orc warrior.
The orc wizard shouts!
The orc warrior barely misses you.
Some of the chunks of flesh in your inventory have rotted away.
You hit the orc warrior but do no damage.
You barely miss the orc warrior.
The orc wizard gestures at you while chanting.
The magic dart hits you!
The orc warrior hits you from afar with a trident!
Things that are here:
an uncursed whip; an uncursed leather armour; an orc skeleton The orc wizard gestures at you while chanting.
You feel yourself slow down.
You see here 2 tomahawks.
The orc warrior hits you from afar with a trident!
* * * LOW HITPOINT WARNING * * *
The orc warrior hits you from afar with a trident!
* * * LOW HITPOINT WARNING * * *
There is a stone staircase leading up here.
The orc warrior hits you from afar with a trident!!
You die...

#............#
#...........##
#............
#........####
#####...## ####
##.(.## ##..# ##o..##
##...# ##...##
##..@.###....####
##.....##........####
#.....o#).(.........##
#.....o().#..........#
#........##...........
#........##...........
#.......###...........
#......## #...........
#......####...........


You could see an orc warrior and an orc wizard.

Vanquished Creatures
  Sigmund (D:5)
  A water moccasin (D:5)
  A sky beast (D:5)
  2 ogres
  A centaur (D:5)
  A bullfrog (D:6)
  3 scorpions
  3 hounds
  2 orc wizards
  2 bullfrog skeletons
  Ijyb (D:3)
  Terence (D:3)
  6 iguanas
  4 worker ants
  A hound skeleton (D:4)
  A howler monkey skeleton (D:5)
  7 adders
  5 gnolls
  A shadow imp (D:5)
  An adder skeleton (D:4)
  2 worms
  A dart slug (D:1)
  3 leopard geckos
  6 orcs
  3 ball pythons
  3 bats
  6 giant cockroaches
  11 goblins
  11 hobgoblins
  5 jackals (D:2)
  3 quokkas
  A ball python skeleton (D:4)
  11 kobolds
  A leopard gecko skeleton (D:5)
  6 rats
118 creatures vanquished.

Notes
Turn   | Place    | Note
-------+----------+-------------------------------------------
     0 | D:1      | Lochraine the Hill Orc Fire Elementalist began the quest for the Orb.
     0 | D:1      | Reached XP level 1. HP: 14/14 MP: 3/3
   199 | D:1      | Reached skill level 1 in Axes
   199 | D:1      | Reached XP level 2. HP: 20/20 MP: 0/4
  1132 | D:1      | Reached XP level 3. HP: 26/26 MP: 5/5
  1565 | D:1      | Learned a level 2 spell: Throw Flame
  2348 | D:1      | Reached skill level 4 in Fire Magic
  2539 | D:2      | Reached XP level 4. HP: 19/33 MP: 0/6
  2815 | D:2      | Learned a level 3 spell: Conjure Flame
  3980 | D:3      | Noticed Terence
  3988 | D:3      | Killed Terence
  3988 | D:3      | Reached skill level 1 in Armour
  3988 | D:3      | Reached XP level 5. HP: 24/38 MP: 3/8
  4484 | D:3      | Noticed Ijyb
  4497 | D:3      | Killed Ijyb
  4525 | D:3      | Gained mutation: You are occasionally teleported next to monsters. [potion of mutation]
  4525 | D:3      | Gained mutation: Armour fits poorly on your strangely shaped body. [potion of mutation]
  4525 | D:3      | Gained mutation: Scrolls take you a little longer to read. [potion of mutation]
  4525 | D:3      | Gained mutation: You are partially covered in slimy green scales. (AC +2) [potion of mutation]
  4528 | D:3      | Reached XP level 6. HP: 17/45 MP: 1/9
  5028 | D:3      | Found a burning altar of Makhleb.
  5079 | D:3      | Noticed Sigmund
  5425 | D:4      | Reached skill level 5 in Fire Magic
  5761 | D:4      | Reached XP level 7. HP: 6/50 MP: 1/10
  6649 | D:5      | Entered Level 5 of the Dungeon
  6664 | D:5      | Killed Sigmund
  6664 | D:5      | Reached skill level 5 in Axes
  6668 | D:5      | Lost mutation: Armour fits poorly on your strangely shaped body. [potion of mutation]
  6668 | D:5      | Lost mutation: Scrolls take you a little longer to read. [potion of mutation]
  6668 | D:5      | Lost mutation: You are partially covered in slimy green scales. (AC +2) [potion of mutation]
  6668 | D:5      | Gained mutation: Your muscles are strong. (Str +2) [potion of mutation]
  6668 | D:5      | Gained mutation: You have a somewhat thin skeletal structure. (Dex +2, Stealth) [potion of mutation]
  6668 | D:5      | Gained mutation: You have large cloven feet. [potion of mutation]
  6678 | D:5      | Learned a level 4 spell: Sticky Flame
  6709 | D:5      | Reached skill level 1 in Fighting
  6909 | D:5      | Reached XP level 8. HP: 51/61 MP: 5/12
  7428 | D:5      | Found a staircase to the Ecumenical Temple.
  7436 | Temple   | Entered the Ecumenical Temple
  7521 | Temple   | Became a worshipper of Ashenzari the Shackled
  7875 | D:5      | Gained mutation: You have a moderately thin skeletal structure. (Dex +4, Stealth+) [mutagenic meat]
  7876 | D:5      | Gained mutation: Your system is resistant to poisons. (rPois) [mutagenic meat]
  8039 | D:5      | Reached skill level 6 in Fire Magic
  8243 | D:6      | Found an opulent altar of Gozag.
  8297 | D:6      | Reached skill level 5 in Conjurations
  8674 | D:6      | Slain by an orc warrior

Vault maps used:
D:1:      wheals_arrival_linesprint
D:2:      first_bread
D:3:      serial_curves, eino_curves_02, eino_curves_01, grunt_decor_one_mirror,
          makhleb_blood_cavern_becter, uniq_terence, uniq_ijyb, uniq_sigmund
D:4:      serial_bayou_pond_d, kennysheep_small_circle
D:5:      minmay_temple_entry_junction_2, corexii_item_surrounded_by_moat
D:6:      grunt_gozag_breadcrumbs
Temple:   regret_index_temple_sigil_plot

Skill      XL: |  1  2  3  4  5  6  7  8 |
---------------+-------------------------+-----
Axes           | 1 2 3 4 5 |  5.3
Fire Magic     | 4 5 6 |  6.3
Spellcasting   | 2 3 |  3.6
Armour         | 1 2 |  2.9
Conjurations   | 2 3 5 |  5.2
Fighting       | 2 4 |  4.8
Dodging        | |  1.5
Stealth        | |  1.5

Action                   |  1- 3 |  4- 6 |  7- 9 || total
-------------------------+-------+-------+-------++-------
Melee: Hand axe          |    57 |    49 |       ||   106
       Whip              |       |   111 |   155 ||   266
 Cast: Flame Tongue      |    30 |    26 |    14 ||    70
       Throw Flame       |     5 |    20 |    13 ||    38
       Conjure Flame     |       |     3 |     1 ||     4
Evoke: Wand              |       |       |     5 ||     5
  Use: Scroll            |     3 |     6 |       ||     9
       Potion            |       |     4 |     1 ||     5
 Stab: Sleeping          |     1 |     3 |     4 ||     8
       Paralysed         |       |       |     4 ||     4
  Eat: Chunk             |     6 |    12 |    11 ||    29
       Royal jelly       |       |       |     1 ||     1
Armor: Robe              |    14 |    21 |       ||    35
       Ring mail         |       |     3 |       ||     3
       Leather armour    |       |     8 |    28 ||    36
Dodge: Dodged            |    55 |   109 |    65 ||   229
